 Dungeon Crawl Stone Soup version 0.31-a0-691-g409c26aa35 (webtiles) character file.

Game seed: 11443523224455203789

169 qw the Shooter (level 5, -2/32 HPs)
             Began as a Gargoyle Hunter on Sept 6, 2023.
             Slain by a mummy (13 damage)
             ... in an ossuary.
             The game lasted 00:00:53 (2372 turns).

qw the Shooter (Gargoyle Hunter)                    Turns: 2372, Time: 00:00:54

Health: -2/32      AC: 10    Str: 14    XL:     5   Next: 50%
Magic:  5/5        EV: 11    Int: 10    God:
Gold:   965        SH:  0    Dex: 17    Spells: 4/4 levels left

rFire   . . .        Y - +0 shortbow
rCold   . . .        (shield currently unavailable)
rNeg    + . .        j - +0 ring mail of Free Will {Dex+2}
rPois   inf          (no helmet)
rElec   +            (no cloak)
rCorr   .            h - +0 pair of gloves
SInv    .            (no boots)
Will    .....        (no amulet)
Stlth   +            (no ring)
HPRegen 0.25/turn    (no ring)
MPRegen 0.09/turn

%: no passive effects
@: no status effects
A: sickness immunity, AC +4, negative energy resistance 1, electricity
resistance, torment resistance 1, petrification resistance
a: no special abilities


You were in an ossuary.
You visited 1 branch of the dungeon, and saw 4 of its levels.
You also visited: Ossuary.

You collected 965 gold pieces.


Innate Abilities, Weirdness & Mutations

You are immune to sickness and miasma.
Your stone body is resilient. (AC +4)
You are immune to poison.
You resist negative energy. (rN+)
You are resistant to electric shocks. (rElec)
You are resistant to unholy torment.
You are immune to petrification.


   Skills:
 + Level 3.2 Fighting
 - Level 6.0 Ranged Weapons
 - Level 1.0 Armour
 - Level 1.5 Dodging
 - Level 1.1 Stealth


You had 4 spell levels left.
You didn't know any spells.
Your spell library was empty.

Inventory:

Hand Weapons
 Y - a +0 shortbow (weapon)
Armour
 h - a +0 pair of gloves (worn)
 j - the +0 ring mail of Free Will (worn) {Dex+2}
   (You found it on level 2 of the Dungeon)

   Dex+2:     It affects your dexterity (+2).
Scrolls
 b - 2 scrolls of teleportation
Potions
 a - a potion of magic {unknown}
 d - 2 potions of might

Dungeon Overview and Level Annotations

Branches:
Dungeon (4/15)            Ossuary (1/1)
 Temple: D:4-7

Altars:
Makhleb
Vehumet

Shops:
D:2 (


Message History

You shoot an arrow. The arrow hits the mummy.
The mummy is lightly damaged.
You shoot an arrow. The arrow completely misses the mummy.
The arrow hits the mummy but does no damage.
You shoot an arrow.
The arrow hits the mummy but does no damage.
The mummy is lightly damaged.
You shoot an arrow. The arrow hits the mummy!
The mummy is heavily damaged.
The mummy hits you.
You shoot an arrow.
The arrow hits the mummy but does no damage.
The mummy is heavily damaged.
You shoot an arrow. The arrow hits the mummy!
The mummy is almost destroyed.
The mummy hits you.
You shoot an arrow.
The arrow hits the mummy but does no damage.
The mummy is almost destroyed.
The mummy completely misses you. The mummy hits you.
You shoot an arrow.
The arrow hits the mummy but does no damage.
The mummy is almost destroyed.
The mummy hits you. The mummy hits you!
You shoot an arrow. The arrow hits the mummy.
The mummy is almost destroyed.
You shoot an arrow. The arrow hits the mummy.
You destroy the mummy!
The mummy hits you but does no damage.
You shoot an arrow. The arrow hits the mummy.
The mummy is lightly damaged.
The mummy hits you but does no damage.
You shoot an arrow. The arrow hits the mummy.
The mummy is moderately damaged.
The mummy barely misses you.
You shoot an arrow. The arrow hits the mummy.
The mummy is moderately damaged.
You shoot an arrow. The arrow completely misses the mummy.
The mummy hits you!
You die...

M.....
#....#
#....#
#....#
#....#
#....#
#....#
#.M..#
#..@.#
#.\\.#
######


You could see a mummy.

Vanquished Creatures
  A phantom (D:4)
  2 mummies (Ossuary)
  An adder (D:2)
  A worm (D:2)
  2 dart slugs
  2 orcs (D:3)
  7 ball pythons
  3 endoplasms
  3 giant cockroaches
  4 goblins
  4 hobgoblins
  2 jackals (D:2)
  5 kobolds
  3 quokkas
  A bat (D:2)
  4 frilled lizards
  A gnoll zombie (Ossuary)
  2 hobgoblin zombies (Ossuary)
  3 kobold zombies (Ossuary)
  An orc zombie (Ossuary)
  4 rats (D:3)
56 creatures vanquished.

Notes
Turn   | Place    | Note
-------+----------+-------------------------------------------
     0 | D:1      | qw the Gargoyle Hunter began the quest for the Orb.
     0 | D:1      | Reached XP level 1. HP: 12/12 MP: 1/1
     0 | D:1      | 0 ||| qw: Version: 0.3-a-76-g4403597
     0 | D:1      | 0 ||| qw: Game counter: 11
     0 | D:1      | 0 ||| qw: Melee chars always use a shield: true
     0 | D:1      | 0 ||| qw: God list: Okawaru
     0 | D:1      | 0 ||| qw: Allow faded altars: false
     0 | D:1      | 0 ||| qw: Do Orc after clearing Dungeon:15 true
     0 | D:1      | 0 ||| qw: Do second Lair branch before Depths: true
     0 | D:1      | 0 ||| qw: Lair rune preference: random
     0 | D:1      | 0 ||| qw: Goals: Normal
     0 | D:1      | 0 ||| PLANNING D:1-11
   369 | D:1      | Reached XP level 2. HP: 17/17 MP: 2/2
   967 | D:1      | 967 ||| READING scroll labelled MODGHU LUIVYA.
   972 | D:1      | 972 ||| DRINKING 2 orange potions.
   973 | D:1      | 973 ||| DROPPING scroll of butterflies.
  1017 | D:2      | Reached XP level 3. HP: 21/21 MP: 3/3
  1027 | D:2      | 1027 ||| Stepping ~*~*~tactically~*~*~ (outnumbered).
  1037 | D:2      | Reached skill level 5 in Ranged Weapons
  1134 | D:2      | Found Qelo Bem's Antique Weapon Shoppe.
  1146 | D:2      | 1146 ||| SHOPLISTING glowing shortbow (174 gold, have 79).
  1303 | D:2      | Found a radiant altar of Vehumet.
  1400 | D:2      | Found a faded altar of an unknown god.
  1632 | D:2      | Identified the +0 ring mail of Free Will {Dex+2}
  1767 | D:2      | 1767 ||| UPGRADING to +0 pair of gloves.
  1772 | D:2      | 1772 ||| UPGRADING to +0 ring mail of Free Will {Dex+2}.
  1782 | D:2      | 1782 ||| DROPPING +0 leather armour.
  1783 | D:2      | 1783 ||| READING scroll labelled OLYTANUAHU.
  1784 | D:2      | 1784 ||| READING scroll labelled QILUSHR IKKOSK.
  1785 | D:2      | 1785 ||| READING scroll labelled OSOAGR EJEHOTI.
  1785 | D:2      | Identified a scroll of acquirement
  1785 | D:2      | 1785 ||| ACQUIRING 858 gold pieces
  1785 | D:2      | Acquired 858 gold pieces
  1813 | D:3      | Found a burning altar of Makhleb.
  1820 | D:3      | Identified the +6 whip "Savot" {vamp, rF+}
  1931 | D:3      | Reached skill level 1 in Armour
  1953 | D:3      | Reached XP level 4. HP: 27/27 MP: 4/4
  2005 | D:3      | Reached skill level 3 in Fighting
  2242 | D:3      | 2242 ||| DRINKING 2 bubbling blue potions.
  2243 | D:3      | 2243 ||| DROPPING potion of attraction.
  2257 | D:4      | 2257 ||| PLANNING OSSUARY
  2261 | D:4      | Noticed a phantom
  2270 | D:4      | Killed a phantom
  2271 | D:4      | Reached XP level 5. HP: 25/32 MP: 5/5
  2301 | D:4      | Found a sand-covered staircase.
  2312 | Ossuary  | Entered an ossuary
  2349 | Ossuary  | 2349 ||| RETREATING.
  2354 | Ossuary  | Reached skill level 6 in Ranged Weapons
  2372 | Ossuary  | Slain by a mummy

Levels and vault maps discovered:
D:1:      dpeg_arrival_castle, layout_basic, chequers_serial_rivers_large_a
D:2:      layout_basic, basic_altar, chequers_ecumenical_altar_twisty,
          serial_shops, shop, kennysheep_decorative_pillar,
          kennysheep_generic_room_4
D:3:      layout_basic, bloody_makhleb
D:4:      layout_rooms, mainiacjoe_overflow_boulevard, xom_teletrap_fun,
          minmay_temple_entry_butterflies, enter_ossuary_1
Ossuary:  ossuary_tomb_3

Skill      XL: |  1  2  3  4  5 |
---------------+----------------+-----
Ranged Weapons | 5 6 |  6.0
Armour         | 1 |  1.0
Fighting       | 3 |  3.2
Dodging        | |  1.5
Stealth        | |  1.1

Action                     |  1- 3 |  4- 6 || total
---------------------------+-------+-------++-------
   Fire: Shortbow          |   130 |    85 ||   215
    Use: Scroll            |     4 |       ||     4
         Potion            |     1 |     1 ||     2
 Armour: Leather armour    |    33 |       ||    33
         Ring mail         |       |    56 ||    56
  Dodge: Dodged            |    26 |    37 ||    63

Table legend:
 A = Non-vault XP
 B = Vault XP
 C = Vault XP percentage of total XP
 D = Non-vault monster count
 E = Vault monster count
 F = Vault count percentage of total count
                 A         B        C        D         E       F
            +---------+---------+-------+---------+---------+-------
      Total |     199 |      43 |  17.8 |      47 |       9 |  16.1
            +---------+---------+-------+---------+---------+-------
        D:1 |      19 |       0 |   0.0 |      11 |       0 |   0.0
        D:2 |      47 |       0 |   0.0 |      18 |       0 |   0.0
        D:3 |      30 |       0 |   0.0 |      16 |       0 |   0.0
        D:4 |     103 |       0 |   0.0 |       2 |       0 |   0.0
    Ossuary |       0 |      43 | 100.0 |       0 |       9 | 100.0
            +---------+---------+-------+---------+---------+-------
